Map: Dusk Towers

Players

하루

  • Race: Terran Terran
  • League: Diamond

Florencio - Winner!

  • Race: Protoss Protoss
  • League: Diamond

VOD

Have the link to the VOD?

Description

Time

  • Played on: April 17, 2016, 5:55 p.m.
  • Length: 6:50
Show
View Real Time Build Order
Export as new Build Order

하루 Terran 

Build Orders: Reaper Expand 

Get SALT Encoding   

  12  0:01  SCV  
  13  0:13  SCV  
  14  0:19  Supply Depot  
  14  0:25  SCV  
  15  0:40  SCV  
  15  0:42  Barracks  
  16  0:46  Refinery  
  16  0:52  SCV  
  17  1:04  SCV  
  18  1:17  SCV  
  19  1:30  Orbital Command  
  19  1:31  Reaper  
  20  1:45  Command Center  
  20  1:55  Refinery  
  20  1:56  SCV  
  21  2:03  Supply Depot  
  21  2:04  Barracks Reactor  
  21  2:10  SCV  
  22  2:31  Factory  
  22  2:32  SCV  
  22  2:33  Barracks  
  23  2:41  Marine x2  
  23  2:44  SCV  
  25  2:56  SCV  
  26  2:59  Marine x2  
  28  3:09  Orbital Command  
  28  3:10  SCV  
  29  3:14  Factory Reactor  
  29  3:18  Marine, Starport  
  30  3:21  Barracks Tech Lab  
  30  3:23  Marine  
  31  3:29  SCV  
  32  3:35  SCV  
  32  3:40  Marine x2  
  35  3:48  Marine  
  35  3:50  Stimpack  
  35  3:53  Supply Depot  
  35  3:54  SCV, Supply Depot  
  38  3:55  SCV  
  38  3:58  Marine  
  39  4:06  Marine x2  
  41  4:25  Medivac x2  
  41  4:28  Supply Depot x2  
  41  4:30  Supply Depot  
  43  4:46  Marine x3  
  43  4:55  Medivac  
  38  5:09  Marine  
  34  5:20  Widow Mine  
  31  5:29  SCV  
  32  5:37  Orbital Command  
  32  5:41  Barracks  
  32  5:45  SCV  
  33  5:58  Marine  
  33  6:03  SCV x2  
  26  6:16  Marine  
  24  6:25  SCV x2  
Show
View Real Time Build Order
Export as new Build Order

Florencio Protoss - Winner!

Build Orders: Mass Adepts 

Get SALT Encoding   

  12  0:01  Probe (Chrono Boost)  
  13  0:11  Probe (Chrono Boost)  
  14  0:19  Pylon  
  14  0:22  Probe (Chrono Boost)  
  15  0:37  Probe (Chrono Boost)  
  15  0:38  Gateway  
  16  0:46  Assimilator  
  16  0:48  Probe (Chrono Boost)  
  17  0:58  Probe (Chrono Boost)  
  17  1:04  Assimilator  
  18  1:09  Probe (Chrono Boost)  
  19  1:18  Pylon  
  19  1:19  Probe (Chrono Boost)  
  20  1:28  Pylon  
  20  1:32  Cybernetics Core  
  20  1:33  Probe (Chrono Boost)  
  21  1:44  Probe (Chrono Boost)  
  22  1:54  Probe (Chrono Boost)  
  22  1:56  Gateway  
  25  2:09  Mothership Core (Chrono Boost)  
  25  2:10  Stalker  
  27  2:18  Gateway  
  27  2:27  Gateway  
  26  2:52  Gateway  
  26  2:53  Adept  
  26  2:58  Pylon  
  28  3:03  Probe (Chrono Boost)  
  29  3:11  Adept  
  31  3:20  Adept  
  31  3:21  Adept  
  35  3:35  Pylon  
  35  3:38  Adept  
  35  3:39  Adept  
  39  3:47  Adept  
  41  4:00  Pylon  
  41  4:01  Pylon  
  41  4:08  Adept x2  
  43  4:24  Adept x2  
  47  4:48  Stalker x2  
  47  4:51  Stalker  
  49  5:20  Stalker x3  
  55  5:21  Stalker  
  57  5:49  Stalker  
  57  5:50  Stalker  
  43  6:11  Pylon  
Tags
 
Add a new tag
Caveats
  • Supply blocks, unpowered buildings, or Contaminate may cause inaccurate times.
  • Supply counts are checked every 10 seconds.